cohdb
Replays
Latest Replays
All Replays
Popular Replays
Top Player Replays
Match Explorer
How It Works
Community
CoH3 Stats
Reddit
Sign in to upload your games and track your stats! →
Sign in with Steam
Match 46144613
Unlisted
Match 46144613
Overview
Messages
Build Orders
End
Royal Engineer Section
Construct Section Command Post
Infantry Section
Infantry Section
Infantry Section
Infantry Section
Construct Platoon Command Post
Selects Heavy Armor Battlegroup
Selects Rigorous Vehicle Training
Selects Light Vehicle Withdraw and Refit
Construct Company Command Post
Royal Engineer Section
Selects UNKNOWN (202330)
6-pounder Anti-tank Gun Team
Crusader AA Medium Tank
Selects Designate Targets
Herr Blautier
TBoR
EPHX_Valkyrion
ozs
Destiny
YN_CRSTL
0
0
Comments
sign in to comment!
No comments posted yet!